 Dungeon Crawl Stone Soup version 0.20-a0-1116-gaa52201 (console) character file.

6772 nht the Geomancer (level 10, -12/63 HPs)
             Began as a Vampire Earth Elementalist on May 8, 2017.
             Was a High Priest of Okawaru.
             Mangled by a minotaur (13 damage)
             ... in a labyrinth.
             The game lasted 00:27:02 (8030 turns).

nht the Geomancer (Vampire Earth Elementalist)      Turns: 8030, Time: 00:27:03

Health: -12/63     AC:  9    Str: 10    XL:     10   Next: 76%
Magic:  0/19       EV: 16    Int: 22    God:    Okawaru [*****.]
Gold:   489        SH:  7    Dex: 14    Spells: 11/21 levels left

rFire    + . .     SeeInvis +   a - +3 dagger (venom)
rCold    + + .     Gourm    .   r - +2 buckler {rC+}
rNeg     . . .     Faith    .   c - +1 robe
rPois    .         Spirit   +   o - +0 helmet
rElec    .         Reflect  .   (no cloak)
rCorr    .         Harm     .   F - +0 pair of gloves
MR       .....                  (no boots)
Stlth    ++........             G - amulet "Kiaf" {Spirit rC+ MR- Str+3}
Regen    0.4/turn               j - +4 ring of protection
MPRegen  0.2/turn               B - ring of protection from fire

@: very slightly contaminated, regenerating quickly, hasted, very quick
A: fangs 3, see invisible, unbreathing
a: Heroism, Finesse, Renounce Religion


You were in a labyrinth.
You worshipped Okawaru.
Okawaru was extremely pleased with you.
You were almost alive.

You visited 2 branches of the dungeon, and saw 11 of its levels.
You also visited: Labyrinth and Sewer.

You collected 489 gold pieces.

Inventory:

Hand Weapons
 a - a +3 dagger of venom (weapon)
 b - a +0 falchion
 u - the +3 great sword "Vucody" {drain, rPois}
   (You took it off an orc warrior on level 8 of the Dungeon)

   A truly terrible weapon, it drains the life of those it strikes.
   It protects you from poison.
 x - a +0 blowgun
Armour
 c - a +1 robe (worn)
 i - a +0 shield
 o - a +0 helmet (worn)
 r - a +2 buckler of cold resistance (worn)
 A - a +0 pair of gloves
 F - a +0 pair of gloves (worn)
Magical Staves
 J - an uncursed staff of poison {unknown}
Jewellery
 j - a +4 ring of protection (left hand)
 B - a ring of protection from fire (right hand)
 G - the amulet "Kiaf" (around neck) {Spirit rC+ MR- Str+3}
   (You found it on level 9 of the Dungeon)

   [amulet of guardian spirit]

   It causes incoming damage to be split between your health and magic.
   It affects your strength (+3).
   It protects you from cold.
   It affects your resistance to hostile enchantments.
Wands
 v - a wand of polymorph (12/24)
 y - a wand of confusion (0/48)
 D - a wand of digging (8/24)
 K - a wand of iceblast (0/15)
Scrolls
 d - 4 scrolls of amnesia
 g - 2 scrolls of blinking
 n - 2 scrolls of immolation
 p - a scroll of fear
 s - 3 scrolls of teleportation
 w - 2 scrolls of magic mapping
Potions
 f - 3 potions of brilliance
 h - a potion of might
 k - 8 potions of curing
 l - 13 potions of blood
 q - 4 potions of flight
 t - 2 potions of heal wounds
 E - a potion of cancellation
Books
 e - a book of Geomancy

   Spells                             Type                      Level
   a - Sandblast                      Earth                        1
   b - Passwall                       Transmutation/Earth          2
   c - Stone Arrow                    Conjuration/Earth            3
   d - Petrify                        Transmutation/Earth          4
   e - Lee's Rapid Deconstruction     Earth                        5
 m - a book of Cantrips

   Spells                             Type                      Level
   a - Confusing Touch                Hexes                        1
   b - Animate Skeleton               Necromancy                   1
   c - Summon Small Mammal            Summoning                    1
   d - Apportation                    Translocation                1
 C - a book of Beasts

   Spells                             Type                      Level
   a - Summon Butterflies             Summoning                    1
   b - Call Canine Familiar           Summoning                    3
   c - Summon Ice Beast               Ice/Summoning                4
   d - Summon Mana Viper              Hexes/Summoning              5
   e - Summon Hydra                   Summoning                    7
 H - Ymmeng's Handbook of Enhancements and Execration
   (You found it on level 9 of the Dungeon)

   Spells                             Type                      Level
   a - Song of Slaying                Charms                       2
   b - Portal Projectile              Hexes/Translocation          3
   c - Excruciating Wounds            Charms/Necromancy            5
   d - Darkness                       Hexes                        6
 I - a book of Changes

   Spells                             Type                      Level
   a - Beastly Appendage              Transmutation                1
   b - Sticks to Snakes               Transmutation                2
   c - Spider Form                    Transmutation/Poison         3
   d - Ice Form                       Ice/Transmutation            4
   e - Blade Hands                    Transmutation                5


   Skills:
 + Level 6.2 Long Blades
 - Level 7.4 Dodging
 - Level 3.0 Stealth
 - Level 4.1 Shields
 - Level 6.1 Spellcasting
 - Level 1.1 Transmutations
 - Level 11.0 Earth Magic
 - Level 3.0 Invocations


You had 11 spell levels left.
You knew the following spells:

 Your Spells              Type           Power        Failure   Level  Hunger
a - Sandblast             Erth           ######       1%          1    None
b - Lee's Rapid Deconstr  Erth           ######....   2%          5    #####..
c - Petrify               Tmut/Erth      ####....     8%          4    ###....


Dungeon Overview and Level Annotations

Branches:
Dungeon (10/15)            Temple (0/1) D:4            Lair (1/6) D:8
    Orc: D:9-12

Altars:
Ashenzari
Dithmenos
Fedhas
Kikubaaqudgha
Nemelex Xobeh
Okawaru
Ru
Sif Muna
Uskayaw
Wu Jian
Yredelemnul
Zin

Shops:
D:5 }

Annotations:
D:4 Robin
D:9 exclusion: troll, Erica


Innate Abilities, Weirdness & Mutations

Your natural rate of healing is unusually fast.
You have razor-sharp teeth.
You have supernaturally acute eyesight. (SInv)
You can survive without breathing.


Message History

Aiming: Iceblast (will waste charges)
Press: ? - help, Shift-Dir - straight line, f/p - minotaur
Aim: a minotaur (severely wounded)
The mass of ice explodes!
The iceblast engulfs the minotaur.
The minotaur is almost dead.
Evoking this partially-identified wand wasted a few charges.
Evoke which item? (* to show all) (? for menu, Esc to quit)
Aiming: Iceblast (will waste charges)
Press: ? - help, Shift-Dir - straight line, f/p - minotaur
Aim: a minotaur (almost dead)
The mass of ice explodes!
The iceblast engulfs the minotaur.
The minotaur is almost dead.
Evoking this partially-identified wand wasted a few charges.
Evoke which item? (* to show all) (? for menu, Esc to quit)
Aiming: Iceblast (will waste charges)
Press: ? - help, Shift-Dir - straight line, p - minotaur Nothing appears to happen.
The minotaur hits you!!
* * * LOW HITPOINT WARNING * * *
The minotaur gores you!
You die... █. .█...█...█ █ .█ █... ....... .███ .. ....█████'█ █...█ █ █.█ █.█.█ . . .. █ ███'██ █.█ .. . █.<..█ █H ██ █ █ █..█ █...⌠+ █. .█ .. .█ .█ +⌠.H.█ .█.█ ██ █ .. █..@.█ █.█... █ █ █ ███+██

.█ █.█
█.. █ █
.
█.██.██
███
███.█
█.....
....H..
█ █
█..██.█.
█..█
......
.... . █
██. ██.█
█.███.█
. . .█
█.. . █


You could see a minotaur.

Vanquished Creatures
  2 two-headed ogres (D:8)
  Pikel (D:7)
  The ghost of MydosGodOfBeginnings the Ruffian, a novice DrTm (D:5)
  A minotaur skeleton (Lab)
  A hippogriff (D:7)
  5 yaks (Lair:1)
  A hungry ghost (Lab)
  A porcupine (Lair:1)
  A water moccasin (D:9)
  3 slaves (D:7)
  An orc warrior (D:8)
  An ice beast (D:5)
  2 sky beasts (D:5)
  3 ogres
  An eye of draining (D:8)
  A centaur (D:9)
  2 big kobolds (Sewer)
  3 bullfrogs
  A scorpion (D:8)
  10 killer bees
  4 wights (D:8)
  4 howler monkeys
  6 crimson imps
  A bullfrog zombie (D:6)
  A centaur skeleton (D:5)
  A centaur zombie (D:9)
  5 orc priests
  4 hounds
  2 jellies
  Jessica (D:3)
  6 orc wizards
  An iguana (D:8)
  5 worker ants
  A hound zombie (D:6)
  A worker ant zombie (D:5)
  15 adders
  5 river rats
  3 shadow imps
  7 oozes
  An adder zombie (D:5)
  6 worms
  6 dart slugs
  2 leopard geckos
  37 orcs
  8 bats
  3 giant cockroaches
  10 goblins
  8 hobgoblins
  8 jackals
  2 quokkas (D:2)
  2 ball pythons (Sewer)
  7 frilled lizards
  A giant cockroach zombie (D:6)
  11 kobolds
  A leopard gecko zombie (D:5)
  14 rats
242 creatures vanquished.

Vanquished Creatures (others)
  An orc (D:7)
  2 fungi (D:8)
  2 plants (D:8)
5 creatures vanquished.

Grand Total: 247 creatures vanquished

Notes
Turn   | Place    | Note
-------+----------+-------------------------------------------
     0 | D:1      | nht the Vampire Earth Elementalist began the quest for the Orb.
     0 | D:1      | Reached XP level 1. HP: 13/13 MP: 3/3
   117 | D:1      | Reached XP level 2. HP: 19/19 MP: 1/5
   245 | D:1      | Reached skill level 4 in Earth Magic
   331 | D:1      | Reached XP level 3. HP: 18/24 MP: 1/6
   953 | D:2      | Found a sacrificial altar of Ru.
   991 | D:2      | Became a worshipper of Ru the Awakened
  1029 | D:2      | Reached XP level 4. HP: 27/30 MP: 2/7
  1046 | D:2      | Reached skill level 5 in Earth Magic
  1106 | D:2      | Found a deep blue altar of Sif Muna.
  1172 | D:2      | Found an iron altar of Okawaru.
  1188 | D:2      | Fell from the grace of Ru
  1188 | D:2      | Became a worshipper of Warmaster Okawaru
  1653 | D:3      | Noticed Jessica
  1661 | D:3      | Killed Jessica
  1661 | D:3      | Reached XP level 5. HP: 35/35 MP: 2/8
  1747 | D:3      | Reached skill level 6 in Earth Magic
  1831 | D:3      | Found a sparkling altar of Nemelex Xobeh.
  1999 | D:3      | Found a blossoming altar of Fedhas.
  2002 | D:3      | Found a shadowy altar of Dithmenos.
  2206 | D:3      | Found a shattered altar of Ashenzari.
  2209 | D:3      | Found a basalt altar of Yredelemnul.
  2387 | D:4      | Found a staircase to the Ecumenical Temple.
  2426 | D:4      | Noticed Robin
  2442 | D:5      | Entered Level 5 of the Dungeon
  2473 | D:5      | Reached XP level 6. HP: 41/41 MP: 2/9
  2487 | D:5      | Noticed an ice beast
  2525 | D:5      | Noticed a sky beast
  2568 | D:5      | Learned a level 5 spell: Lee's Rapid Deconstruction
  2600 | D:5      | Reached skill level 7 in Earth Magic
  2605 | D:5      | Noticed MydosGodOfBeginnings's ghost (novice DrTm)
  2674 | D:5      | Killed MydosGodOfBeginnings's ghost
  2674 | D:5      | Reached * piety under Okawaru
  2674 | D:5      | Reached skill level 8 in Earth Magic
  2674 | D:5      | Reached XP level 7. HP: 26/46 MP: 0/10
  2751 | D:5      | Found a glowing drain.
  2757 | Sewer    | Entered a sewer
  2929 | Sewer    | Reached skill level 9 in Earth Magic
  3234 | D:5      | Reached skill level 1 in Shields
  3234 | D:5      | Reached XP level 8. HP: 52/52 MP: 1/11
  3253 | D:5      | Found Vieloqeh's Gadget Shoppe.
  3257 | D:5      | Reached ** piety under Okawaru
  3371 | D:5      | Reached skill level 10 in Earth Magic
  3679 | D:6      | Found a hide-covered altar of Uskayaw.
  4390 | D:6      | Found a shadowy altar of Dithmenos.
  4574 | D:7      | Noticed a hippogriff
  4639 | D:7      | Killed a hippogriff
  4639 | D:7      | Reached *** piety under Okawaru
  4674 | D:7      | Reached XP level 9. HP: 57/57 MP: 10/13
  4765 | D:7      | Reached skill level 1 in Invocations
  4900 | D:7      | Noticed Pikel
  4916 | D:7      | Killed Pikel
  4936 | D:7      | Learned a level 4 spell: Petrify
  5473 | D:8      | Reached skill level 1 in Long Blades
  5473 | D:8      | Reached skill level 11 in Earth Magic
  5487 | D:8      | Reached **** piety under Okawaru
  5529 | D:8      | Reached skill level 5 in Dodging
  5626 | D:8      | Noticed a two-headed ogre
  5842 | D:8      | Noticed a two-headed ogre
  5875 | D:8      | Found an ancient bone altar of Kikubaaqudgha.
  5920 | D:8      | Found a glowing silver altar of Zin.
  5973 | D:9      | Noticed a troll
  5992 | D:9      | Found an ornate altar of the Wu Jian Council.
  6224 | D:9      | Reached XP level 10. HP: 56/63 MP: 16/16
  6273 | D:9      | Noticed Erica
  6487 | D:9      | Got a pitted lead amulet
  6562 | D:9      | Identified Ymmeng's Handbook of Enhancements and Execration
  6787 | D:10     | Entered Level 10 of the Dungeon
  6787 | D:10     | Noticed a two-headed ogre
  7217 | D:8      | Got a slimy great sword {drain}
  7220 | D:8      | Found a staircase to the Lair.
  7409 | D:8      | Killed a two-headed ogre
  7409 | D:8      | Reached skill level 5 in Spellcasting
  7559 | D:8      | Killed a two-headed ogre
  7559 | D:8      | Reached ***** piety under Okawaru
  7595 | Lair:1   | Entered Level 1 of the Lair of Beasts
  7637 | Lair:1   | Reached skill level 5 in Long Blades
  7683 | Lair:1   | Identified the cursed +3 great sword "Vucody" {drain, rPois} (You took it off an orc warrior on level 8 of the Dungeon)
  7707 | Lair:1   | Identified the amulet "Kiaf" {Spirit rC+ MR- Str+3} (You found it on level 9 of the Dungeon)
  7731 | Lair:1   | Found a labyrinth entrance.
  7740 | Lab      | Entered a labyrinth
  7875 | Lab      | Noticed a minotaur
  7987 | Lab      | HP: 2/63 [minotaur (6)]
  8021 | Lab      | Identified Hikyceun's Easy Spellcraft
  8030 | Lab      | HP: 1/63 [minotaur (17)]
  8030 | Lab      | Mangled by a minotaur

Vault maps used:
D:1:      dpeg_arrival_water_temple_mockup, minivault_25, minivault_11
D:2:      okawaru_trees_2, nicolae_ru_great_annihilating_truth,
          old_standard_altar
D:3:      lemuel_round_altar, grunt_temple_overflow_cloverleaf,
          minmay_misc_feat_secret_circle, uniq_jessica
D:4:      grunt_gozag_breadcrumbs, minmay_temple_entry_mist, first_bread,
          corexii_shack, vehumet_altar_wand_db, uniq_natasha, uniq_robin
D:5:      lightli_sewer_entry_pipes, serial_shops, shop_statue
D:6:      eat_drink_and_be_merry_uskayaw, basic_altar
D:7:      grunt_ogre_cave, uniq_pikel
D:8:      zin_statuary, kiku_gazebo_pond_becter, dpeg_oklobed_lair
D:9:      kennysheep_little_box, serial_column_ruins, column_ruins_hut,
          column_ruins_open_tiny, column_ruins_open_tiny,
          column_ruins_columns_straight, dk_noncrumbling_3, uniq_erica
Lair:1:   lab_entry_generic, beast_lair_carwin_7, grunt_megastairs_1
Lab:      labyrinth_hidden_loot, lab_block, nicolae_lab_stuck,
          nicolae_lab_blocks, nicolae_lab_swirl, nicolae_lab_big_swirl,
          lab_fountain, labyrinth_skeletal_remains
Sewer:    sewer_co_15_rooms

Skill      XL: |  1  2  3  4  5  6  7  8  9 10 |
---------------+-------------------------------+-----
Earth Magic    | 4 5 6 8 9 10 11 | 11.0
Shields        | 1 4 |  4.1
Dodging        | 3 5 7 |  7.4
Spellcasting   | 4 6 |  6.1
Invocations    | 3 |  3.0
Long Blades    | 2 6 |  6.2
Stealth        | |  3.0
Transmutations | |  1.1

Action                   |  1- 3 |  4- 6 |  7- 9 | 10-12 || total
-------------------------+-------+-------+-------+-------++-------
Melee: Unarmed           |    41 |    27 |       |       ||    68
       Bite              |     1 |     4 |    22 |    25 ||    52
       Dagger            |       |       |   318 |   171 ||   489
       Falchion          |       |       |       |    18 ||    18
 Cast: Sandblast         |    42 |    98 |   108 |       ||   248
       Lee's Rapid Decon |       |       |       |     3 ||     3
Invok: Heroism           |       |       |     2 |     2 ||     4
       Finesse           |       |       |       |     1 ||     1
Evoke: Wand              |       |       |     4 |    22 ||    26
  Use: Potion            |    10 |     6 |    21 |    11 ||    48
       Scroll            |       |    13 |     8 |     6 ||    27
 Stab: Paralysed         |     6 |       |       |       ||     6
       Sleeping          |       |       |     3 |       ||     3
       Confused          |       |       |     2 |     5 ||     7
  Eat: Corpse            |     1 |     4 |     2 |     5 ||    12
Armor: Robe              |    22 |    19 |    61 |    25 ||   127
Dodge: Dodged            |    23 |    34 |   178 |    89 ||   324
Block: Buckler           |       |       |    87 |    43 ||   130
       Rpst.: Falchion   |       |       |       |     3 ||     3
